 Dungeon Crawl Stone Soup version 0.31.0-9-g3a7656b989 (webtiles) character file.

Game seed: 17326846785770789094

242 Eitelfritz the Slasher (level 5, -9/45 HPs)
             Began as a Minotaur Gladiator on Feb 3, 2024.
             Succumbed to Duvessa's poison
             ... on level 4 of the Dungeon.
             The game lasted 00:07:13 (2759 turns).

Eitelfritz the Slasher (Minotaur Gladiator)         Turns: 2759, Time: 00:07:14

Health: -9/45      AC:  8    Str: 19    XL:     5   Next: 81%
Magic:  4/4        EV: 12    Int:  7    God:
Gold:   211        SH:  0    Dex: 11    Spells: 4/4 levels left

rFire   . . .        a - +0 long sword
rCold   . . .        (no shield)
rNeg    + . .        o - +0 ring mail
rPois   .            c - +1 hat
rElec   .            (no cloak)
rCorr   .            m - +0 pair of gloves
SInv    .            y - +0 pair of boots
Will    +....        x - amulet of regeneration
Stlth   +            i - ring of positive energy
HPRegen 1.07/turn    (no ring)
MPRegen 0.09/turn

%: no passive effects
@: lethally poisoned (-9 -> -48), enlightened, flying
A: horns 2, retaliatory headbutt
a: no special abilities


You were on level 4 of the Dungeon.
You visited 1 branch of the dungeon, and saw 4 of its levels.

You collected 211 gold pieces.

Inventory:

Hand Weapons
 a - a +0 long sword (weapon)
 b - a +0 sling
 n - a +0 flail
Missiles
 d - 4 throwing nets (quivered)
 e - a javelin
 s - 8 poisoned darts
Armour
 c - a +1 hat (worn)
 m - a +0 pair of gloves (worn)
 o - a +0 ring mail (worn)
 y - a +0 pair of boots (worn)
Jewellery
 i - a ring of positive energy (left hand)
 p - an amulet of faith
 x - an amulet of regeneration (around neck)
Wands
 r - a wand of mindburst (4)
Scrolls
 f - a scroll of revelation
 k - a scroll of teleportation
 A - a scroll of fear
Potions
 j - a potion of resistance
 q - a potion of haste
 t - a potion of might
 v - 3 potions of magic
 w - a potion of lignification {unknown}
 z - a potion of brilliance {unknown}


   Skills:
 + Level 3.5 Fighting
 + Level 5.0 Long Blades
 + Level 3.4 Ranged Weapons
 + Level 2.1 Throwing
 + Level 2.0 Armour
 + Level 4.0 Dodging


You had 4 spell levels left.
You didn't know any spells.
Your spell library contained the following spells:

 Spells                   Type           Power      Damage    Failure   Level
 Apportation              Tloc           0%         N/A       63%         1
 Necrotise                Necr           0%         1d4       63%         1
 Sting                    Conj/Alch      0%         1d3       63%         1
 Summon Small Mammal      Summ           0%         N/A       63%         1


Dungeon Overview and Level Annotations

Branches:
Dungeon (4/15)
 Temple: D:4-7

Altars:
Nemelex Xobeh

Annotations:
D:3 3 runed translucent doors, dvd2's ghost, amateur OpSh
D:4 Duvessa


Innate Abilities, Weirdness & Mutations

You have a pair of horns on your head.
You reflexively headbutt those who attack you in melee.


Message History

The ribbon worm barely misses you.
You hit the ribbon worm.
The ribbon worm is moderately wounded.
Duvessa rages.
The ribbon worm bites you.
You hit the ribbon worm.
The ribbon worm is moderately wounded.
The ribbon worm bites you.
You hit the ribbon worm.
The ribbon worm is heavily wounded.
The ribbon worm expels a string of sticky webbing.
The stream of webbing hits you but does no damage.
You are caught in a web!
The web tears apart.
The ribbon worm closely misses you. You furiously retaliate!
You headbutt the ribbon worm. You hit the ribbon worm.
Your headbutt misses the ribbon worm.
The ribbon worm is severely wounded.
The ribbon worm barely misses you.
You slash the ribbon worm!
You kill the ribbon worm!
Duvessa misses you.
You hit Duvessa. Your headbutt misses Duvessa.
Duvessa is lightly wounded.
Duvessa hits you with a +3 rapier of venom!
You are poisoned.
Duvessa hits you with a +3 rapier of venom!!
You are lethally poisoned!
You slash Duvessa!
Duvessa is lightly wounded.
* * * LOW HITPOINT WARNING * * *
You feel extremely sick. Duvessa hits you but does no damage.
You are more poisoned.
Duvessa hits you with a +3 rapier of venom.
* * * LOW HITPOINT WARNING * * *
You are more poisoned.
It was a potion of enlightenment.
You feel very buoyant.
You fly up into the air.
You die...

##.##..# #.# ##.##..#
#$# ##.##..# #.#
....#..## #.#
###.....###^########.
##..#.....)........
##.#####....##### #.#
#....######.##. #.#
#.#.)e@........ #..
#.#?#######.##. ###
..#.# #..#e# ##...#
#...# #'#w# .....
......


You could see Duvessa (berserk).

Vanquished Creatures
  Dowan (D:4)
  A hound (D:4)
  Jessica (D:3)
  Robin (D:3)
  3 adders
  A dart slug (D:1)
  3 ribbon worms
  4 orcs (D:3)
  2 bats (D:3)
  5 endoplasms
  2 giant cockroaches
  15 goblins
  9 hobgoblins
  11 kobolds
  4 quokkas
  10 ball pythons
  7 frilled lizards
  4 rats
84 creatures vanquished.

Notes
Turn   | Place    | Note
-------+----------+-------------------------------------------
     0 | D:1      | Eitelfritz the Minotaur Gladiator began the quest for the
                  | Orb.
     0 | D:1      | Reached XP level 1. HP: 18/18 MP: 0/0
    69 | D:1      | Reached XP level 2. HP: 24/25 MP: 1/1
   271 | D:1      | Reached skill level 4 in Long Blades
   963 | D:2      | Reached XP level 3. HP: 23/30 MP: 2/2
  1090 | D:2      | Found a sparkling altar of Nemelex Xobeh.
  1154 | D:2      | Reached skill level 1 in Ranged Weapons
  1396 | D:3      | Noticed Jessica
  1404 | D:3      | Killed Jessica
  1405 | D:3      | Reached XP level 4. HP: 32/37 MP: 3/3
  1970 | D:3      | Reached skill level 1 in Armour
  2336 | D:3      | Found a runed translucent gate.
  2337 | D:3      | Found a runed translucent gate.
  2338 | D:3      | Found a runed translucent gate.
  2339 | D:3      | Noticed dvd2's ghost (amateur OpSh)
  2626 | D:4      | Noticed Robin
  2634 | D:3      | Killed Robin
  2635 | D:3      | Reached XP level 5. HP: 36/45 MP: 4/4
  2733 | D:4      | Noticed Dowan
  2736 | D:4      | Noticed Duvessa
  2747 | D:4      | Killed Dowan
  2748 | D:4      | Reached skill level 5 in Long Blades
  2758 | D:4      | HP: 1/45 [Duvessa/+3 rapier of venom (6)]
  2759 | D:4      | Succumbed to Duvessa's poison

Illustrated notes

Levels and vault maps discovered:
D:1:      minmay_arrival_stone_box, layout_basic
D:2:      layout_basic, basic_altar, grunt_ministairs_3,
          minmay_tree_intersection
D:3:      minmay_thinvault, layout_loops_ring, gammafunk_ghost_necromancy,
          minmay_pentomino_pile, uniq_jessica
D:4:      layout_basic, led_sif_book, uniq_duvessa, uniq_robin, uniq_pikel

Skill      XL: |  1  2  3  4  5 |
---------------+----------------+-----
Long Blades    | 4 5 |  5.0
Ranged Weapons | 2 3 |  3.4
Fighting       | 3 |  3.5
Armour         | 1 2 |  2.0
Dodging        | 4 |  4.0
Throwing       | |  2.1

Action                     |  1- 3 |  4- 6 || total
---------------------------+-------+-------++-------
  Melee: Long sword        |    45 |    77 ||   122
         Headbutt          |    10 |    14 ||    24
         Punch             |     1 |       ||     1
   Fire: Sling             |    37 |    39 ||    76
    Use: Scroll            |       |    10 ||    10
         Potion            |       |     1 ||     1
 Armour: Leather armour    |    11 |       ||    11
         Ring mail         |    11 |    75 ||    86
  Dodge: Dodged            |    32 |    77 ||   109
